 Dungeon Crawl Stone Soup version 0.29-a0-1018-g6b6670bd90 (webtiles) character file.

Game seed: 7441259033140885590

618 BritishOli the Trooper (level 7, 0/56 HPs)
             Began as a Demonspawn Fighter on Aug 10, 2022.
             Slain by a black bear (3 damage)
             ... on level 5 of the Dungeon.
             The game lasted 00:08:56 (4806 turns).

BritishOli the Trooper (Demonspawn Fighter)         Turns: 4806, Time: 00:08:57

Health: 0/56       AC:  7    Str: 19    XL:     7   Next: 21%
Magic:  7/7        EV:  9    Int:  9    God:
Gold:   226        SH:  5    Dex: 12    Spells: 6/6 levels left

rFire   + . .      SeeInvis .   a - +0 long sword
rCold   + . .      Faith    .   c - +0 buckler
rNeg    + . .      Spirit   .   b - +0 scale mail
rPois   +          Reflect  .   (helmet restricted)
rElec   +          Harm     .   (no cloak)
rCorr   .          Rampage  .   (no gloves)
Will    .....                   (no boots)
Stlth   ..........              (no amulet)
HPRegen 0.18/turn               z - ring "Tomej" {rElec rPois rF+ rC+}
MPRegen 0.10/turn               p - ring of positive energy

@: no status effects
A: antennae 1, powered by death 2
a: no special abilities


You were on level 5 of the Dungeon.
You visited 1 branch of the dungeon, and saw 5 of its levels.

You collected 226 gold pieces.

Inventory:

Hand Weapons
 a - a +0 long sword (weapon)
Armour
 b - a +0 scale mail (worn)
 c - a +0 buckler (worn)
 k - a +0 helmet
Jewellery
 l - a ring of resist corrosion
 o - a ring of fire
 p - a ring of positive energy (right hand)
 x - a ring of fire
 y - a ring of protection from fire
 z - the ring "Tomej" (left hand) {rElec rPois rF+ rC+}
   (You took it off a goblin on level 4 of the Dungeon)

   [ring of protection from cold]

   rF:        It protects you from fire.
   rC:        It protects you from cold.
   rElec:     It insulates you from electricity.
   rPois:     It protects you from poison.
Wands
 s - a wand of polymorph (9)
Scrolls
 e - 2 scrolls of teleportation {unknown}
 h - a scroll of fear {unknown}
 i - 3 scrolls of identify {unknown}
 j - 2 scrolls of noise {unknown}
 r - a scroll of blinking {unknown}
 u - a scroll of magic mapping {unknown}
 w - a scroll of amnesia {unknown}
 B - a scroll of fog {unknown}
Potions
 d - 2 potions of might
 f - 3 potions of degeneration {unknown}
 g - 2 potions of attraction
 m - a potion of haste {unknown}
 n - a potion of magic {unknown}
 q - a potion of mutation {unknown}
 t - a potion of curing {unknown}
 v - a potion of brilliance {unknown}
 A - a potion of resistance {unknown}


   Skills:
 * Level 5.0 Fighting
 * Level 4.0 Long Blades
 + Level 4.0 Armour
 + Level 1.9 Dodging
 + Level 3.9 Shields


You had 6 spell levels left.
You didn't know any spells.
Your spell library contained the following spells:

 Spells                   Type           Power      Damage    Failure   Level
 Poisonous Vapours        Pois/Air       0%         N/A       93%         2
 Corpse Rot               Necr/Pois/Air  0%         N/A       100%        4


Dungeon Overview and Level Annotations

Branches:
Dungeon (5/15)
 Temple: D:4-7

Altars:


Innate Abilities, Weirdness & Mutations

You have a pair of small antennae on your head.
You regenerate health from kills.


Message History

You block the black bear's attack.
The black bear claws you but does no damage.
The adder barely misses you.
You slash the black bear!
The black bear is severely wounded.
You block the adder's attack. You block the black bear's attack.
The black bear claws you but does no damage.
The black bear closely misses you.
You hit the black bear but do no damage.
The black bear is severely wounded.
You block the adder's attack. The black bear bites you.
The black bear claws you but does no damage. x2
The adder closely misses you.
You hit the black bear.
The black bear is almost dead.
The black bear goes berserk!
The adder bites you but does no damage. The black bear bites you!
* * * LOW HITPOINT WARNING * * *
The black bear claws you but does no damage. x2
You hit the black bear.
The black bear is almost dead.
The adder bites you but does no damage. The black bear barely misses you.
You block the black bear's attack. x2; The adder bites you.
* * * LOW HITPOINT WARNING * * *
The black bear bites you.
* * * LOW HITPOINT WARNING * * *
You block the black bear's attack. The black bear claws you.
* * * LOW HITPOINT WARNING * * *
You closely miss the black bear.
The black bear is almost dead.
The adder bites you.
* * * LOW HITPOINT WARNING * * *
The black bear bites you but does no damage.
The black bear claws you but does no damage.
You block the black bear's attack. The adder bites you but does no damage.
The black bear bites you.
* * * LOW HITPOINT WARNING * * *
The black bear claws you but does no damage.
The black bear claws you.
You die...

#+# #.# #.# #.#
#####.# # #.....# .#
#.....##########.##
#....@h..............
#.....S......#.......
#....#####...........
#.$.... #..........##
....... #..........#.
....... #.h.(......#.
.:...#+ #....S...!S#.
..... ..(.....###ยง##
.......#### #...


You could see a black bear (berserk) and an adder.

Vanquished Creatures
  2 phantoms
  2 necrophages (D:4)
  A howler monkey (D:4)
  3 hounds (D:4)
  A jelly (D:4)
  An iguana (D:4)
  Robin (D:3)
  A gnoll (D:4)
  3 adders
  A white imp (D:5)
  An ufetubus (D:4)
  A worm (D:3)
  8 dart slugs
  16 orcs
  8 ball pythons
  6 endoplasms
  2 giant cockroaches
  7 hobgoblins
  4 jackals (D:2)
  A quokka (D:2)
  A bat (D:2)
  3 frilled lizards
  11 goblins
  7 kobolds
  2 rats (D:1)
94 creatures vanquished.

Notes
Turn   | Place    | Note
-------+----------+-------------------------------------------
     0 | D:1      | BritishOli the Demonspawn Fighter began the quest for the
                  | Orb.
     0 | D:1      | Reached XP level 1. HP: 18/18 MP: 1/1
   135 | D:1      | Gained mutation: You regenerate a little health from kills.
                  | [demonic ancestry]
   135 | D:1      | Reached XP level 2. HP: 20/24 MP: 2/2
   899 | D:1      | Reached XP level 3. HP: 28/29 MP: 3/3
  2306 | D:3      | Reached XP level 4. HP: 35/35 MP: 4/4
  2326 | D:3      | Found a faded altar of an unknown god.
  2650 | D:3      | Noticed Robin
  2673 | D:3      | Killed Robin
  3076 | D:4      | Noticed an ogre
  3630 | D:4      | Identified the ring "Tomej" {rElec rPois rF+ rC+}
  3638 | D:4      | Gained mutation: You have a pair of small antennae on your
                  | head. [demonic ancestry]
  3638 | D:4      | Reached XP level 5. HP: 21/42 MP: 5/5
  3687 | D:4      | Reached skill level 4 in Fighting
  3762 | D:4      | Reached skill level 1 in Dodging
  3935 | D:4      | Noticed a phantom
  3951 | D:4      | Reached XP level 6. HP: 26/48 MP: 6/6
  4576 | D:4      | Gained mutation: You regenerate health from kills. [demonic
                  | ancestry]
  4576 | D:4      | Reached XP level 7. HP: 36/55 MP: 7/7
  4682 | D:5      | Entered Level 5 of the Dungeon
  4796 | D:5      | Reached skill level 5 in Fighting
  4806 | D:5      | Slain by a black bear

Illustrated notes

Levels and vault maps discovered:
D:1:      nagdon_arrival_double_spiral, layout_basic
D:2:      layout_rooms
D:3:      layout_basic, ebering_ecumenical_altar_rust, kennysheep_another_room,
          serial_bayou_pond_a, minmay_cupped, uniq_robin
D:4:      minmay_diamond_boxcup, layout_basic
D:5:      layout_basic, grunt_dithmenos_smoke, uniq_grinder, uniq_duvessa

Skill      XL: |  1  2  3  4  5  6  7 |
---------------+----------------------+-----
Long Blades    | 2 3 4 |  4.0
Armour         | 3 4 |  4.0
Shields        | 3 |  3.9
Fighting       | 4 5 |  5.0
Dodging        | 1 |  1.9

Action                   |  1- 3 |  4- 6 |  7- 9 || total
-------------------------+-------+-------+-------++-------
Melee: Long sword        |   143 |   196 |    32 ||   371
  Use: Potion            |     2 |       |       ||     2
Armor: Scale mail        |    63 |    92 |    31 ||   186
Dodge: Dodged            |    68 |   125 |    21 ||   214
Block: Buckler           |    34 |    45 |    17 ||    96

Table legend: (Time is in decaauts)
 A = Elapsed time spent in this place.
 B = Non-inter-level travel time spent in this place.
 C = Inter-level travel time spent in this place.
 D = Time resting spent in this place.
 E = Time spent auto-exploring this place.
 F = Levels seen in this place.
 G = Mean time per level.
                   A        B        C        D        E       F      G
               +--------+--------+--------+--------+--------+-----+--------+
         Total |   4926 |   4652 |    274 |   1072 |   2686 |   5 |  985.2 |
       Dungeon |   4926 |   4652 |    274 |   1072 |   2686 |   5 |  985.2 |
               +--------+--------+--------+--------+--------+-----+--------+

Top non-repeatable levels by time:
     D:4: 1506 daAuts
     D:3: 1422 daAuts
     D:1: 1184 daAuts
     D:2: 681 daAuts
     D:5: 131 daAuts
